 Dungeon Crawl Stone Soup version 0.30-a0-6-g7c9e10e132 (webtiles) character file.

Game seed: 3831754011561477423

271 SensoryNuts the Chopper (level 6, -1/48 HPs)
             Began as a Demonspawn Fighter on Aug 22, 2022.
             Slain by an orc
             ... wielding a +0 flail
              (3 damage)
             ... on level 4 of the Dungeon.
             The game lasted 00:03:40 (3691 turns).

SensoryNuts the Chopper (Demonspawn Fighter)        Turns: 3691, Time: 00:03:40

Health: -1/48      AC:  8    Str: 19    XL:     6   Next: 2%
Magic:  6/6        EV:  9    Int:  9    God:
Gold:   188        SH:  4    Dex: 12    Spells: 5/5 levels left

rFire   . . .      SeeInvis .    a - +1 war axe
rCold   . . .      Faith    .    c - +0 buckler
rNeg    . . .      Spirit   .    b - +0 scale mail
rPois   .          Reflect  .    (no helmet)
rElec   .          Harm     .    (no cloak)
rCorr   .          Rampage  .    (no gloves)
Will    .....                    (no boots)
Stlth   ..........               (no amulet)
HPRegen 0.16/turn                (no ring)
MPRegen 0.10/turn                (no ring)

@: no status effects
A: slimy green scales 1, powered by pain 2, wild magic 1
a: no special abilities


You were on level 4 of the Dungeon.
You visited 1 branch of the dungeon, and saw 4 of its levels.

You collected 188 gold pieces.

Inventory:

Hand Weapons
 a - a +1 war axe (weapon)
Armour
 b - a +0 scale mail (worn)
 c - a +0 buckler (worn)
Wands
 d - a wand of paralysis (12)
Scrolls
 e - a scroll of enchant weapon
 f - 2 scrolls of identify {unknown}
 h - a scroll of blinking {unknown}
 i - a scroll of poison {unknown}
Potions
 g - 2 potions of mutation


   Skills:
 + Level 3.7 Fighting
 * Level 4.2 Axes
 + Level 3.6 Armour
 + Level 1.2 Dodging
 + Level 0.2 Stealth
 + Level 3.1 Shields


You had 5 spell levels left.
You didn't know any spells.
Your spell library contained the following spells:

 Spells                   Type           Power      Damage    Failure   Level
 Slow                     Hex            0%         N/A       89%         1
 Ensorcelled Hibernation  Hex/Ice        0%         N/A       96%         2
 Call Canine Familiar     Summ           0%         N/A       99%         3
 Confusing Touch          Hex            0%         N/A       99%         3
 Portal Projectile        Hex/Tloc       0%         N/A       99%         3
 Spider Form              Tmut/Pois      0%         N/A       99%         3
 Vampiric Draining        Necr           0%         2d6       99%         3
 Anguish                  Hex/Necr       0%         N/A       100%        4
 Cause Fear               Hex            0%         N/A       100%        4
 Leda's Liquefaction      Hex/Erth       0%         N/A       100%        4
 Dragon Form              Tmut           0%         N/A       100%        7
 Dragon's Call            Summ           0%         N/A       100%        9


Dungeon Overview and Level Annotations

Branches:
Dungeon (4/15)
 Temple: D:4-7

Altars:
Wu Jian


Innate Abilities, Weirdness & Mutations

You are partially covered in slimy green scales. (AC +2)
You sometimes gain power by taking damage.
Your spells are a little harder to cast, but a little more powerful.


Message History

The orc priest invokes the aid of Beogh against you.
Pain shoots through your body!
You slash the orc priest!
The orc priest is severely wounded.
The orc priest barely misses you.
You hit the orc priest.
The orc priest is almost dead.
You hit the orc. You block the orc's attack.
The orc priest calls down the wrath of Beogh upon you.
Pain shoots through your body!
* * * LOW HITPOINT WARNING * * *
The orc hits you but does no damage.
You slash the orc priest!
You kill the orc priest!
You hit the orc. The orc hits you but does no damage.
You have reached level 6!
You hit the orc.
The orc is moderately wounded.
You barely miss the orc. The orc hits you with a +3 hand axe.
* * * LOW HITPOINT WARNING * * *
The orc misses you.
You closely miss the orc.
The orc is moderately wounded.
You slash the orc!
You kill the orc!
Unknown command.
You hit the orc but do no damage. You barely miss something.
The orc closely misses you. Something hits you but does no damage.
You slash the orc!
You kill the orc!
You barely miss something. You closely miss the orc. Something hits you.
* * * LOW HITPOINT WARNING * * *
The orc hits you with a +0 flail!
* * * LOW HITPOINT WARNING * * *
Unknown command.
You hit the orc but do no damage.
The orc is moderately wounded.
You barely miss something. Something hits you but does no damage.
The orc hits you with a +0 flail.
You die...

.........#
........#
[.......#
#.......#
#.......#
#.......#
#..o....#.
#)@.......
#.......#.
#.<.....#
#####.###
.# #


You could see an orc.

Vanquished Creatures
  2 orc priests
  Jessica (D:2)
  An iguana (D:3)
  Ijyb (D:3)
  Terence (D:2)
  2 adders (D:2)
  An ufetubus (D:3)
  2 worms
  A dart slug (D:2)
  7 orcs
  6 endoplasms
  4 giant cockroaches (D:1)
  9 goblins
  3 hobgoblins
  3 quokkas
  4 ball pythons
  7 bats
  6 frilled lizards
  8 kobolds
  8 rats
77 creatures vanquished.

Vanquished Creatures (others)
  16 plants
16 creatures vanquished.

Grand Total: 93 creatures vanquished

Notes
Turn   | Place    | Note
-------+----------+-------------------------------------------
     0 | D:1      | SensoryNuts the Demonspawn Fighter began the quest for the
                  | Orb.
     0 | D:1      | Reached XP level 1. HP: 18/18 MP: 1/1
   150 | D:1      | Found a faded altar of an unknown god.
   155 | D:1      | Gained mutation: You are partially covered in slimy green
                  | scales. (AC +2) [demonic ancestry]
   155 | D:1      | Reached XP level 2. HP: 24/24 MP: 2/2
   227 | D:1      | Reached skill level 2 in Axes
   489 | D:1      | Gained mutation: You sometimes gain a little power by
                  | taking damage. [demonic ancestry]
   489 | D:1      | Reached XP level 3. HP: 27/29 MP: 3/3
  1349 | D:2      | Noticed Jessica
  1355 | D:2      | Killed Jessica
  1356 | D:2      | Gained mutation: You sometimes gain power by taking damage.
                  | [demonic ancestry]
  1356 | D:2      | Reached XP level 4. HP: 22/35 MP: 4/4
  1581 | D:2      | Noticed Terence
  1593 | D:2      | Killed Terence
  1594 | D:2      | Reached skill level 3 in Axes
  1594 | D:2      | Reached skill level 1 in Dodging
  2287 | D:2      | Gained mutation: Your spells are a little harder to cast,
                  | but a little more powerful. [potion of mutation]
  2315 | D:3      | Reached XP level 5. HP: 25/41 MP: 5/5
  3199 | D:3      | Found an ornate altar of the Wu Jian Council.
  3459 | D:3      | Noticed Ijyb
  3464 | D:3      | Paralysed by Ijyb for 5 turns
  3475 | D:3      | Killed Ijyb
  3476 | D:3      | Reached skill level 4 in Axes
  3687 | D:4      | Reached XP level 6. HP: 13/48 MP: 6/6
  3690 | D:4      | HP: 2/48 [orc/+0 flail (8)]
  3691 | D:4      | Slain by an orc

Illustrated notes

Levels and vault maps discovered:
D:1:      onia_arrival_pentagram, layout_basic,
          hellmonk_ecumenical_altar_crossroads, lexackson_kobold_supper
D:2:      layout_basic, serial_bayou_lake_a, uniq_terence, uniq_jessica
D:3:      layout_loops_corners, marbit_many_paths, uniq_ijyb
D:4:      layout_basic, mainiacjoe_overflow_cross_hatched, uniq_pikel

Skill      XL: |  1  2  3  4  5 |
---------------+----------------+-----
Armour         | 3 |  3.6
Axes           | 2 3 4 |  4.2
Shields        | 3 |  3.1
Dodging        | 1 |  1.2
Fighting       | |  3.7
Stealth        | |  0.2

Action                   |  1- 3 |  4- 6 || total
-------------------------+-------+-------++-------
Melee: War axe           |   104 |   122 ||   226
  Use: Potion            |       |     6 ||     6
       Scroll            |       |     5 ||     5
Armor: Scale mail        |    64 |    62 ||   126
Dodge: Dodged            |    38 |    48 ||    86
Block: Buckler           |    31 |    21 ||    52

Table legend: (Time is in decaauts)
 A = Elapsed time spent in this place.
 B = Non-inter-level travel time spent in this place.
 C = Inter-level travel time spent in this place.
 D = Time resting spent in this place.
 E = Time spent auto-exploring this place.
 F = Levels seen in this place.
 G = Mean time per level.
                   A        B        C        D        E       F      G
               +--------+--------+--------+--------+--------+-----+--------+
         Total |   3804 |   3714 |     90 |      0 |   3160 |   4 |  951.0 |
       Dungeon |   3804 |   3714 |     90 |      0 |   3160 |   4 |  951.0 |
               +--------+--------+--------+--------+--------+-----+--------+

Top non-repeatable levels by time:
     D:3: 1397 daAuts
     D:2: 1258 daAuts
     D:1: 1134 daAuts
     D:4: 14 daAuts
